 Dungeon Crawl Stone Soup version 0.28.0 (webtiles) character file.

Game seed: 9972060934592251026

282 buriedalive the Conjurer (level 6, -4/32 HPs)
             Began as a Deep Elf Conjurer on Feb 4, 2022.
             Slain by an iguana (7 damage)
             ... on level 4 of the Dungeon.
             The game lasted 00:08:06 (4328 turns).

buriedalive the Conjurer (Deep Elf Conjurer)        Turns: 4328, Time: 00:08:07

Health: -4/32      AC:  2    Str:  4    XL:     6   Next: 6%
Magic:  10/12      EV: 14    Int: 31    God:
Gold:   169        SH:  0    Dex: 13    Spells: 8/11 levels left

rFire   . . .      SeeInvis .   d - +3 dagger
rCold   . . .      Faith    .   (no shield)
rNeg    . . .      Spirit   .   a - +0 robe
rPois   .          Reflect  .   (no helmet)
rElec   .          Harm     .   (no cloak)
rCorr   .          Rampage  .   (no gloves)
Will    .....                   (no boots)
Stlth   ++........              o - amulet of magic regeneration
HPRegen 0.10/turn               g - +6 ring of intelligence
MPRegen 0.53/turn               (no ring)

@: no status effects
A: no striking features
a: no special abilities


You were on level 4 of the Dungeon.
You visited 1 branch of the dungeon, and saw 4 of its levels.

You collected 169 gold pieces.

Inventory:

Hand Weapons
 d - a +3 dagger (weapon)
 k - a +2 dagger of holy wrath
Missiles
 c - 196 stones
Armour
 a - a +0 robe (worn)
 j - a +0 helmet
Jewellery
 g - a +6 ring of intelligence (left hand)
 o - an amulet of magic regeneration (around neck)
Scrolls
 h - 3 scrolls of fog {unknown}
 n - a scroll of teleportation {unknown}
 p - a scroll of summoning {unknown}
 q - 2 scrolls of identify
 r - a scroll of immolation {unknown}
Potions
 b - a potion of lignification
 e - a potion of might {unknown}
 f - a potion of mutation {unknown}
 i - a potion of attraction {unknown}
 l - a potion of berserk rage {unknown}
 m - a potion of degeneration {unknown}


   Skills:
 + Level 5.7 Dodging
 - Level 2.4 Stealth
 - Level 3.0 Spellcasting
 + Level 6.5 Conjurations


You had 8 spell levels left.
You knew the following spells:

 Your Spells              Type           Power      Damage    Failure   Level
a - Magic Dart            Conj           100%       1d8       1%          1
b - Searing Ray           Conj           90%        2d7       1%          2

Your spell library contained the following spells:

 Spells                   Type           Power      Damage    Failure   Level
 Dazzling Flash           Conj/Hex       48%        N/A       5%          3
 Blink                    Tloc           8%         N/A       10%         2
 Fulminant Prism          Conj/Hex       12%        3d9       17%         4
 Iskenderun's Mystic Bla  Conj/Tloc      24%        2d7       17%         4
 Lesser Beckoning         Tloc           4%         N/A       21%         3
 Manifold Assault         Tloc           4%         N/A       88%         5


Dungeon Overview and Level Annotations

Branches:
Dungeon (4/15)
 Temple: D:4-7

Altars:
Nemelex Xobeh
Zin

Shops:
D:1 =   D:2 (=?(=


Message History

The searing ray hits the worm.
The worm is heavily wounded.
The searing ray hits the worm.
The worm is severely wounded.
The searing ray hits the worm!
You kill the worm!
You finish channelling your searing ray.
You start resting.
Magic restored.
q - 2 scrolls of identify (gained 1)
Found a robe.
Found a flail.
You see here a +0 flail.
An iguana comes into view.
The iguana hisses angrily.
Casting: Searing Ray (safe; 1% risk of failure)
Confirm with . or Enter, or press ? or * to list all spells.
Aiming: Searing Ray (safe; 1% risk of failure)
Press: ? - help, Shift-Dir - straight line, f - iguana
Aim: an iguana (84% to hit)
The searing ray hits the iguana.
The iguana is moderately wounded. (Press . to maintain the ray.) Unknown command.
The searing ray hits the iguana but does no damage.
The iguana is moderately wounded.
The iguana misses you.
The searing ray hits the iguana!
The iguana is severely wounded.
The iguana bites you!
The searing ray hits the iguana.
The iguana is severely wounded.
You finish channelling your searing ray.
The iguana bites you! The iguana bites you!
* * * LOW HITPOINT WARNING * * *
An iguana is nearby!
Unknown command.
The iguana bites you!
You die...

############ ...........#
####### ..........#
#.....##.##........#
#.##...#.##. #.....#
#.##.......l##.....#
##.#....#....@..#.###
#.......#.#####.#.#######
####.......#.......#......)#
.........#.###############.#
.###.#.#.#.##.....# #.#
.###.#.#.#.##.....# #.#
..................# ######.#
.##.##....###.....# #......#
.##.##....###†....# #.######


You could see an iguana.

Vanquished Creatures
  A hound (D:3)
  Terence (D:2)
  Jessica (D:2)
  A killer bee zombie (D:3)
  A hound skeleton (D:4)
  Robin (D:2)
  3 adders
  3 gnolls (D:2)
  2 worms
  2 dart slugs
  4 orcs (D:3)
  5 ball pythons
  7 endoplasms
  4 giant cockroaches
  14 goblins
  6 hobgoblins
  A jackal (D:2)
  2 quokkas
  7 bats
  7 frilled lizards
  6 kobolds
  10 rats
89 creatures vanquished.

Notes
Turn   | Place    | Note
-------+----------+-------------------------------------------
     0 | D:1      | buriedalive the Deep Elf Conjurer began the quest for the
                  | Orb.
     0 | D:1      | Reached XP level 1. HP: 10/10 MP: 6/6
   356 | D:1      | Reached XP level 2. HP: 15/15 MP: 6/8
   359 | D:1      | Learned a level 2 spell: Searing Ray
   448 | D:1      | You fall into a shaft and drop 1 floor!
   505 | D:2      | Found Nocyx's Weapon Emporium.
   523 | D:2      | Noticed Jessica
   533 | D:2      | Killed Jessica
   534 | D:2      | Reached skill level 5 in Conjurations
   534 | D:2      | Reached XP level 3. HP: 19/19 MP: 4/9
   549 | D:2      | Found Joileuhi's Jewellery Emporium.
  1218 | D:1      | Found a faded altar of an unknown god.
  1266 | D:1      | Found Cinwet's Jewellery Shop.
  1486 | D:2      | Found a glowing silver altar of Zin.
  1545 | D:2      | Found Vuytiton's Weapon Shop.
  1567 | D:2      | Noticed Robin
  1577 | D:2      | Reached XP level 4. HP: 21/24 MP: 6/10
  1594 | D:2      | Killed Robin
  1952 | D:2      | Noticed Terence
  1963 | D:2      | Killed Terence
  2224 | D:2      | Reached XP level 5. HP: 28/28 MP: 8/11
  2573 | D:2      | Found Qobuov's Magic Scroll Shoppe.
  2580 | D:2      | Reached skill level 5 in Dodging
  2580 | D:2      | Reached skill level 6 in Conjurations
  2597 | D:2      | Found Poyki's Jewellery Shop.
  3259 | D:3      | Found a sparkling altar of Nemelex Xobeh.
  4226 | D:4      | Reached XP level 6. HP: 31/32 MP: 9/12
  4328 | D:4      | Slain by an iguana

Illustrated notes

Levels and vault maps discovered:
D:1:      nagdon_arrival_double_spiral, layout_rooms, serial_rivers,
          chequers_serial_rivers_micro_e, chequers_serial_rivers_micro_b,
          chequers_serial_rivers_micro_a, chequers_serial_rivers_small_3,
          chequers_serial_rivers_large_a, shapermc_ecumenical_altar_mp_vishouse,
          serial_shops, nicolae_shop_hallway_plus, bh_walls_and_bars
D:2:      minmay_door_path, layout_loops_ring, basic_altar, serial_shops,
          shop_statue, nicolae_shop_advertising_works
          [nicolae_subvault_shop_adworks], shop, shop, shop, uniq_robin,
          uniq_terence, uniq_jessica
D:3:      layout_basic, nemelex_spade_bored_becter, guppyfry_early_lair_pool
D:4:      layout_loops_cross, mainiacjoe_overflow_six_doors_small

Skill      XL: |  1  2  3  4  5 |
---------------+----------------+-----
Dodging        | 3 4 5 |  5.7
Conjurations   | 5 6 |  6.5
Stealth        | |  2.4
Spellcasting   | |  3.0

Action                   |  1- 3 |  4- 6 || total
-------------------------+-------+-------++-------
Melee: Dagger            |    16 |    37 ||    53
       Punch             |       |     2 ||     2
 Cast: Magic Dart        |    31 |    28 ||    59
       Searing Ray       |     8 |    23 ||    31
  Use: Scroll            |       |     2 ||     2
 Stab: Sleeping          |     2 |     1 ||     3
Armor: Robe              |     6 |    11 ||    17
Dodge: Dodged            |    17 |    47 ||    64
